 Dungeon Crawl Stone Soup version 0.28.0-53-g5a82cb258f (webtiles) character file.

Game seed: 13946216043417088191

683 Tiocfaidh the Chopper (level 7, -3/54 HPs)
             Began as a Gnoll Berserker on Aug 21, 2022.
             Was a Priest of Trog.
             Slain by Diggabert's ghost (5 damage)
             ... on level 4 of the Dungeon on Aug 22, 2022.
             The game lasted 00:24:56 (5786 turns).

Tiocfaidh the Chopper (Gnoll Berserker)             Turns: 5786, Time: 00:24:57

Health: -3/54      AC:  9    Str: 24    XL:     7   Next: 61%
Magic:  10/10      EV: 13    Int:  6    God:    Trog [***...]
Gold:   238        SH:  0    Dex: 12    Spells: 11/11 levels left

rFire   . . .      SeeInvis .   j - +2 flail (protect)
rCold   . . .      Faith    .   (no shield)
rNeg    . . .      Spirit   .   o - +0 ring mail
rPois   .          Reflect  .   (no helmet)
rElec   .          Harm     .   d - +0 cloak
rCorr   .          Rampage  .   (no gloves)
Will    .....      Clarity  +   (no boots)
Stlth   +.........              (no amulet)
HPRegen 0.18/turn               i - ring of flight
MPRegen 0.12/turn               l - +6 ring of strength

@: flying
A: fangs 1, strong nose, distributed training, iridescent scales 1, clarity,
frail 1
a: Renounce Religion, Berserk, Trog's Hand


You were on level 4 of the Dungeon.
You worshipped Trog.
Trog was most pleased with you.
You visited 1 branch of the dungeon, and saw 5 of its levels.

You collected 238 gold pieces.

Inventory:

Hand Weapons
 j - a +2 flail of protection (weapon)
 q - the +7 short sword of Ragnarok {pain, Fragile rF+ SInv}
   (You found it on level 4 of the Dungeon)

   In the hands of one skilled in necromantic magic, it inflicts extra damage on
   living creatures.
   rF:        It protects you from fire.
   SInv:      It lets you see invisible.
   Fragile:   It will be destroyed if unequipped.
   Trog disapproves of the use of such an item.
Armour
 d - a +0 cloak (worn)
 o - a +0 ring mail (worn)
Jewellery
 i - a ring of flight (left hand)
 l - a +6 ring of strength (right hand)
Scrolls
 b - a scroll of fog {unknown}
 c - a scroll of immolation
 e - a scroll of holy word
 h - a scroll of blinking {unknown}
 m - 2 scrolls of noise {unknown}
 n - 2 scrolls of teleportation
 p - a scroll of fear {unknown}
Potions
 f - a potion of heal wounds


   Skills:
 + Level 7.1 Fighting
 + Level 2.6 Short Blades
 + Level 2.6 Long Blades
 + Level 7.1 Axes
 + Level 2.6 Maces & Flails
 + Level 2.6 Polearms
 + Level 2.6 Staves
 + Level 2.6 Slings
 + Level 2.6 Bows
 + Level 2.6 Crossbows
 + Level 2.6 Throwing
 + Level 5.3 Armour
 + Level 5.3 Dodging
 + Level 2.6 Stealth
 + Level 2.6 Shields
 + Level 2.6 Unarmed Combat
 + Level 2.6 Spellcasting
 + Level 2.1 Conjurations
 + Level 2.1 Hexes
 + Level 2.1 Summonings
 + Level 2.1 Necromancy
 + Level 2.1 Translocations
 + Level 2.1 Transmutations
 + Level 2.1 Fire Magic
 + Level 2.1 Ice Magic
 + Level 2.1 Air Magic
 + Level 2.1 Earth Magic
 + Level 2.1 Poison Magic
 + Level 2.9 Invocations
 + Level 2.6 Evocations


You had 11 spell levels left.
You didn't know any spells.
Your spell library was empty.

Dungeon Overview and Level Annotations

Branches:
Dungeon (5/15)
 Temple: D:4-7

Altars:
Elyvilon
Kikubaaqudgha
Vehumet
Yredelemnul

Shops:
D:4 :

Annotations:
D:4 Diggabert's ghost, novice FoGl


Innate Abilities, Weirdness & Mutations

You have very sharp teeth.
Your uncanny sense of smell can sniff out nearby items.
Your experience applies equally to all skills.
You are partially covered in iridescent scales. (AC +2)
You possess an exceptional clarity of mind.
You are frail. (-10% HP)


Message History

Diggabert's ghost hits you!
* * * LOW HITPOINT WARNING * * *
Diggabert's ghost hits you.
* * * LOW HITPOINT WARNING * * *
You hit Diggabert's ghost.
Your weapon exudes an aura of protection.
Your bite misses Diggabert's ghost.
Diggabert's ghost is severely damaged.
Diggabert's ghost barely misses you.
You sock Diggabert's ghost!
Diggabert's ghost is almost destroyed.
Diggabert's ghost hits you.
* * * LOW HITPOINT WARNING * * *
You completely miss Diggabert's ghost.
Diggabert's ghost is almost destroyed.
Diggabert's ghost barely misses you.
You barely miss Diggabert's ghost.
Diggabert's ghost is almost destroyed.
Diggabert's ghost hits you but does no damage.
Diggabert's ghost hits you.
* * * LOW HITPOINT WARNING * * *
You barely miss Diggabert's ghost.
Diggabert's ghost is almost destroyed.
Diggabert's ghost hits you.
* * * LOW HITPOINT WARNING * * *
You barely miss Diggabert's ghost.
You punch Diggabert's ghost, but do no damage.
You bite Diggabert's ghost, but do no damage.
Diggabert's ghost is almost destroyed.
Diggabert's ghost closely misses you.
You barely miss Diggabert's ghost.
Diggabert's ghost is almost destroyed.
Diggabert's ghost hits you but does no damage.
You closely miss Diggabert's ghost.
Diggabert's ghost is almost destroyed.
Diggabert's ghost hits you but does no damage. x2
You closely miss Diggabert's ghost. Your bite misses Diggabert's ghost.
Diggabert's ghost is almost destroyed.
Diggabert's ghost hits you.
You die...

>## #......# #######
##################....#
.................#...##
################.##..#######
#...........##
####.........##
#######..........#
###PP..............#
##.....@W.........#.#
#..P..PPP.........#.#
#.P..#............#.#
##...###...........#.#
#........P..#...##...#
##.P.........##.###.###
#..##.._..##.##.# #.#
#..#.......#....# #.# ##
#..#########..#.###.#


You could see Diggabert's ghost.

Vanquished Creatures
  A necrophage (D:4)
  A phantom (D:4)
  A water moccasin skeleton (D:4)
  A crimson imp (D:4)
  A bullfrog zombie (D:5)
  2 hounds (D:4)
  A jelly (D:4)
  2 centaur skeletons (D:4)
  A gnoll shaman (D:4)
  An iguana (D:4)
  An orc wizard (D:3)
  4 gnolls
  5 adders
  A white imp (D:4)
  2 adder skeletons
  2 worms
  4 dart slugs
  6 orcs
  6 ball pythons
  6 bats
  5 endoplasms
  2 giant cockroaches
  8 goblins
  10 hobgoblins
  4 quokkas
  A frilled lizard (D:3)
  5 kobolds
  8 rats
  A spectral orc (D:3)
93 creatures vanquished.

Vanquished Creatures (others)
  A withered plant (D:4)
1 creature vanquished.

Grand Total: 94 creatures vanquished

Notes
Turn   | Place    | Note
-------+----------+-------------------------------------------
     0 | D:1      | Tiocfaidh the Gnoll Berserker began the quest for the Orb.
     0 | D:1      | Reached XP level 1. HP: 23/23 MP: 1/1
   258 | D:1      | Reached XP level 2. HP: 27/29 MP: 2/2
  1224 | D:2      | Reached XP level 3. HP: 22/35 MP: 3/3
  1502 | D:2      | Reached skill level 1 in Invocations
  1563 | D:2      | Reached skill level 1 in Short Blades
  1563 | D:2      | Reached skill level 1 in Long Blades
  1563 | D:2      | Reached skill level 1 in Maces & Flails
  1563 | D:2      | Reached skill level 1 in Polearms
  1563 | D:2      | Reached skill level 1 in Staves
  1563 | D:2      | Reached skill level 1 in Slings
  1563 | D:2      | Reached skill level 1 in Bows
  1563 | D:2      | Reached skill level 1 in Crossbows
  1563 | D:2      | Reached skill level 1 in Throwing
  1563 | D:2      | Reached skill level 1 in Stealth
  1563 | D:2      | Reached skill level 1 in Shields
  1563 | D:2      | Reached skill level 1 in Unarmed Combat
  1563 | D:2      | Reached skill level 1 in Spellcasting
  1563 | D:2      | Reached skill level 1 in Evocations
  1828 | D:1      | Reached XP level 4. HP: 6/41 MP: 5/5
  2496 | D:2      | Reached skill level 1 in Conjurations
  2496 | D:2      | Reached skill level 1 in Hexes
  2496 | D:2      | Reached skill level 1 in Summonings
  2496 | D:2      | Reached skill level 1 in Necromancy
  2496 | D:2      | Reached skill level 1 in Translocations
  2496 | D:2      | Reached skill level 1 in Transmutations
  2496 | D:2      | Reached skill level 1 in Fire Magic
  2496 | D:2      | Reached skill level 1 in Ice Magic
  2496 | D:2      | Reached skill level 1 in Air Magic
  2496 | D:2      | Reached skill level 1 in Earth Magic
  2496 | D:2      | Reached skill level 1 in Poison Magic
  2950 | D:3      | Reached ** piety under Trog
  3099 | D:3      | Reached XP level 5. HP: 45/47 MP: 6/6
  3175 | D:3      | Found a faded altar of an unknown god.
  3368 | D:3      | Found a basalt altar of Yredelemnul.
  3856 | D:4      | Found Oxumuh's Book Emporium.
  3955 | D:4      | Reached XP level 6. HP: 44/53 MP: 8/8
  4101 | D:4      | Noticed a necrophage
  4113 | D:4      | Killed a necrophage
  4114 | D:4      | Reached skill level 5 in Armour
  4114 | D:4      | Reached skill level 5 in Dodging
  4136 | D:4      | Reached XP level 7. HP: 25/59 MP: 10/10
  4429 | D:4      | Reached *** piety under Trog
  4700 | D:4      | Found an ancient bone altar of Kikubaaqudgha.
  4767 | D:4      | Identified the +7 short sword of Ragnarok {pain, Fragile
                  | rF+ SInv}
  4776 | D:4      | Found a runed translucent gate.
  4776 | D:4      | Found a runed translucent gate.
  4778 | D:4      | Found a runed translucent gate.
  4809 | D:4      | Noticed Diggabert's ghost (novice FoGl)
  4863 | D:4      | Found a radiant altar of Vehumet.
  4865 | D:4      | Found a white marble altar of Elyvilon.
  5185 | D:4      | Gained mutation: Your flesh is heat resistant. (rF+)
                  | [potion of mutation]
  5185 | D:4      | Gained mutation: You are covered in fur. (AC +1) [potion of
                  | mutation]
  5464 | D:4      | Lost mutation: You are covered in fur. (AC +1) [potion of
                  | mutation]
  5464 | D:4      | Lost mutation: Your flesh is heat resistant. (rF+) [potion
                  | of mutation]
  5464 | D:4      | Gained mutation: You have large cloven feet. [potion of
                  | mutation]
  5465 | D:4      | Lost mutation: You have large cloven feet. [potion of
                  | mutation]
  5465 | D:4      | Gained mutation: You possess an exceptional clarity of
                  | mind. [potion of mutation]
  5465 | D:4      | Gained mutation: You are frail. (-10% HP) [potion of
                  | mutation]
  5465 | D:4      | Gained mutation: You are partially covered in iridescent
                  | scales. (AC +2) [potion of mutation]
  5485 | D:5      | Entered Level 5 of the Dungeon
  5782 | D:4      | HP: 1/54 [Diggabert's ghost (4)]
  5786 | D:4      | Slain by Diggabert's ghost

Illustrated notes

Levels and vault maps discovered:
D:1:      minmay_arrival_widening_spiral_wide, layout_basic
D:2:      layout_rooms, minmay_pentomino_r4
D:3:      minmay_recursive_quarters, layout_rooms,
          yredelemnul_forgotten_temple_becter,
          shapermc_ecumenical_altar_mp_vishouse
D:4:      minmay_inner_zag, layout_loops_ring, kiku_gazebo_garden_becter,
          nicolae_overflow_hidden_temple, gammafunk_ghost_necromancy,
          serial_shops, nicolae_shop_hallway_stairs, minmay_fire_ice_demons
D:5:      layout_gridville, serial_bayou, serial_bayou_ford_a,
          serial_bayou_shore_b, serial_bayou_pond_d, serial_bayou_crossing,
          minmay_shop_grid_forest, uniq_ijyb

Skill      XL: |  1  2  3  4  5  6  7 |
---------------+----------------------+-----
Invocations    | 1 2 |  2.9
Short Blades   | 1 2 |  2.6
Long Blades    | 1 2 |  2.6
Maces & Flails | 1 2 |  2.6
Polearms       | 1 2 |  2.6
Staves         | 1 2 |  2.6
Slings         | 1 2 |  2.6
Bows           | 1 2 |  2.6
Crossbows      | 1 2 |  2.6
Throwing       | 1 2 |  2.6
Stealth        | 1 2 |  2.6
Shields        | 1 2 |  2.6
Unarmed Combat | 1 2 |  2.6
Spellcasting   | 1 2 |  2.6
Evocations     | 1 2 |  2.6
Conjurations   | 1 2 |  2.1
Hexes          | 1 2 |  2.1
Summonings     | 1 2 |  2.1
Necromancy     | 1 2 |  2.1
Translocations | 1 2 |  2.1
Transmutations | 1 2 |  2.1
Fire Magic     | 1 2 |  2.1
Ice Magic      | 1 2 |  2.1
Air Magic      | 1 2 |  2.1
Earth Magic    | 1 2 |  2.1
Poison Magic   | 1 2 |  2.1
Armour         | 5 |  5.3
Dodging        | 5 |  5.3
Fighting       | 7 |  7.1
Axes           | 7 |  7.1

Action                   |  1- 3 |  4- 6 |  7- 9 || total
-------------------------+-------+-------+-------++-------
Melee: Hand axe          |   100 |   161 |    80 ||   341
       Bite              |     7 |    22 |    17 ||    46
       Unarmed           |       |    39 |       ||    39
       Punch             |       |     4 |     5 ||     9
       Flail             |       |       |    24 ||    24
  Use: Scroll            |       |       |     8 ||     8
       Potion            |       |       |     5 ||     5
 Stab: Sleeping          |       |     1 |       ||     1
Armor: Animal skin       |    12 |    30 |       ||    42
       Ring mail         |       |    31 |    43 ||    74
Dodge: Dodged            |    67 |   116 |    54 ||   237
